 Dungeon Crawl Stone Soup version 0.22.1-1-ga44c0e56f4 (webtiles) character file.

226 Americanboy the Digger (level 6, -7/33 HPs)
             Began as a Gargoyle Earth Elementalist on Oct 13, 2018.
             Blown up by Ijyb (21 damage)
             ... with a wand of disintegration (10)
             ... on level 3 of the Dungeon.
             The game lasted 00:04:36 (2727 turns).

Americanboy the Digger (GrEE)                       Turns: 2727, Time: 00:04:36

Health: -7/33      AC:  6    Str: 12    XL:     6   Next: 1%
Magic:  3/11       EV: 12    Int: 17    God:
Gold:   241        SH:  0    Dex: 10    Spells: 8/12 levels left

rFire    . . .     SeeInvis .   m - staff of wizardry
rCold    . . .     Gourm    .   (no shield)
rNeg     + . .     Faith    .   c - +0 robe
rPois    ∞         Spirit   .   (no helmet)
rElec    +         Reflect  .   (no cloak)
rCorr    .         Harm     .   (no gloves)
MR       .....                  (no boots)
Stlth    ++........             (no amulet)
HPRegen  0.11/turn              (no ring)
MPRegen  0.12/turn              (no ring)

@: no status effects
A: negative energy resistance 1, electricity resistance, unbreathing,
petrification resistance, rot immunity, AC +4
a: no special abilities


You were on level 3 of the Dungeon.
You were very hungry.

You visited 1 branch of the dungeon, and saw 3 of its levels.

You collected 241 gold pieces.

Inventory:

Missiles
 b - 70 stones (quivered)
Armour
 c - a +0 robe (worn)
Magical Staves
 m - an uncursed staff of wizardry (weapon)
Scrolls
 e - a scroll of remove curse {unknown}
 f - a scroll of fog {unknown}
 g - a scroll of amnesia {unknown}
 h - a scroll of identify {unknown}
 i - 2 scrolls of fear {unknown}
 n - 2 scrolls of teleportation {unknown}
Potions
 a - 2 potions of might {unknown}
 j - 3 potions of curing {unknown}
 k - 2 potions of flight {unknown}
 l - a potion of heal wounds {unknown}
 o - a potion of mutation {unknown}
 p - a potion of lignification {unknown}
Comestibles
 d - a ration


   Skills:
 + Level 0.5 Fighting
   Level 0.4 Short Blades
 + Level 1.4 Staves
 + Level 2.2 Dodging
 + Level 2.4 Stealth
 + Level 3.5 Spellcasting
   Level 0.7 Transmutations
 + Level 5.4 Earth Magic


You had 8 spell levels left.
You knew the following spells:

 Your Spells              Type           Power        Failure   Level  Hunger
a - Sandblast             Erth           ###...       1%          1    None
e - Stone Arrow           Conj/Erth      ##....       6%          3    ###....

Your spell library contained the following spells:

 Spells                   Type           Power        Failure   Level  Hunger
 Passwall                 Tmut/Erth      ##......     2%          2    ##.....
 Petrify                  Tmut/Erth      ##......     17%         4    ####...
 Lee's Rapid Deconstruct  Erth           ###.......   19%         5    ######.


Dungeon Overview and Level Annotations

Branches:
Dungeon (3/15)

Altars:

Annotations:
D:3 Ijyb


Innate Abilities, Weirdness & Mutations

You are resistant to torment.
Your stone body is resilient. (AC +4)
You are immune to poison.
You resist negative energy. (rN+)
You are resistant to electric shocks. (rElec)
You can survive without breathing.
You are immune to petrification.
You are immune to rotting.


Message History

Casting: Sandblast (safe; 1% risk of failure)
Confirm with . or Enter, or press ? or * to list all spells.
Aiming: Sandblast (safe; 1% risk of failure)
Press: ? - help, Shift-Dir - straight line, f/p - Ijyb
Aim: Ijyb, wielding an enchanted club, wearing a scale mail and carrying a wand The blast of sand hits Ijyb.
Ijyb is lightly wounded.
b - 71 stones Ijyb closely misses you.
Casting: Sandblast (safe; 1% risk of failure)
Confirm with . or Enter, or press ? or * to list all spells.
Aiming: Sandblast (safe; 1% risk of failure)
Press: ? - help, Shift-Dir - straight line, f/p - Ijyb
Aim: Ijyb, wielding an enchanted club, wearing a scale mail and carrying a wand The blast of sand hits Ijyb.
Ijyb is heavily wounded.
b - 70 stones Ijyb zaps a wand.
You are blasted!
Ouch! That really hurt!
You die...

##.#.#
#..#.#
#.##.#
#.##.#
#.# #.# #
##)##.#
#.....#
#.@####
#..)...g#
#.####.##
#. #. #.
#. #.


You could see Ijyb.

Vanquished Creatures
  A centaur (D:3)
  Natasha (D:3)
  3 adders (D:2)
  2 worms (D:2)
  2 dart slugs (D:1)
  2 leopard geckos
  3 orcs (D:3)
  2 bats (D:1)
  5 giant cockroaches
  8 goblins
  13 hobgoblins
  7 jackals (D:1)
  A quokka (D:2)
  A ball python (D:2)
  6 frilled lizards
  11 kobolds
  5 rats
73 creatures vanquished.

Notes
Turn   | Place    | Note
-------+----------+-------------------------------------------
     0 | D:1      | Americanboy the Gargoyle Earth Elementalist began the quest
                  | for the Orb.
     0 | D:1      | Reached XP level 1. HP: 10/10 MP: 3/3
   221 | D:1      | Reached skill level 4 in Earth Magic
   221 | D:1      | Reached XP level 2. HP: 15/15 MP: 1/5
   532 | D:1      | Reached XP level 3. HP: 19/19 MP: 3/6
   565 | D:1      | Learned a level 3 spell: Stone Arrow
  1355 | D:2      | Reached XP level 4. HP: 12/24 MP: 0/8
  2093 | D:2      | Reached skill level 5 in Earth Magic
  2569 | D:3      | Noticed Natasha
  2576 | D:3      | Killed Natasha
  2576 | D:3      | Reached skill level 1 in Staves
  2576 | D:3      | Reached XP level 5. HP: 17/28 MP: 1/9
  2671 | D:3      | Noticed a centaur
  2674 | D:3      | Killed a centaur
  2674 | D:3      | Reached XP level 6. HP: 30/33 MP: 6/11
  2719 | D:3      | Noticed Ijyb
  2727 | D:3      | Blown up by Ijyb

Skill      XL: |  1  2  3  4 |
---------------+-------------+-----
Earth Magic    | 4 5 |  5.4
Dodging        | 2 |  2.2
Spellcasting   | 3 |  3.5
Staves         | 1 |  1.4
Fighting       | |  0.5
Short Blades   | |  0.4
Stealth        | |  2.4
Transmutations | |  0.7

Action                   |  1- 3 |  4- 6 || total
-------------------------+-------+-------++-------
Melee: Dagger            |    96 |    17 ||   113
       Staff             |       |    47 ||    47
 Cast: Sandblast         |    28 |    61 ||    89
       Stone Arrow       |     4 |       ||     4
 Stab: Sleeping          |       |     1 ||     1
  Eat: Chunk             |     2 |     4 ||     6
Armor: Robe              |    37 |    18 ||    55
Dodge: Dodged            |    65 |    62 ||   127
